Map: Proxima Station LE

Players

PiG - Winner!

  • Race: Protoss Protoss
  • League: Grandmaster
  • Spawn Location: 7:00

Winckel

  • Race: Zerg Zerg
  • League: Grandmaster
  • Spawn Location: 1:00

VOD

https://www.youtube.com/watch?v=ioysU0uSAJM

Description

Time

  • Played on: June 6, 2017, 7:21 p.m.
  • Length: 11:24
Show
View Real Time Build Order
Export as new Build Order

PiG Protoss - Winner!

Build Orders: 1 Gate Expand, Zealot Archon, Dark Templar Rush 

Get SALT Encoding   

  12  0:01  Probe (Chrono Boost)  
  13  0:11  Probe (Chrono Boost)  
  14  0:18  Pylon  
  14  0:22  Probe (Chrono Boost)  
  15  0:36  Probe (Chrono Boost)  
  15  0:38  Gateway  
  16  0:45  Assimilator  
  16  0:48  Probe (Chrono Boost)  
  17  0:58  Probe (Chrono Boost)  
  18  1:09  Probe (Chrono Boost)  
  19  1:23  Nexus  
  19  1:26  Probe (Chrono Boost)  
  20  1:39  Probe (Chrono Boost)  
  21  1:40  Cybernetics Core  
  21  1:44  Assimilator  
  21  1:50  Probe (Chrono Boost)  
  22  2:00  Probe (Chrono Boost)  
  23  2:09  Pylon  
  23  2:18  Warp Gate  
  23  2:23  Stalker  
  23  2:29  Probe (Chrono Boost)  
  26  2:35  Probe (Chrono Boost)  
  27  2:39  Twilight Council  
  27  2:41  Probe (Chrono Boost)  
  28  2:45  Probe (Chrono Boost)  
  28  2:50  Zealot  
  29  2:56  Mothership Core (Chrono Boost)  
  33  2:59  Probe (Chrono Boost)  
  34  3:10  Probe (Chrono Boost)  
  34  3:12  Robotics Facility  
  36  3:20  Probe (Chrono Boost)  
  36  3:22  Probe (Chrono Boost)  
  37  3:33  Probe (Chrono Boost)  
  38  3:38  Probe (Chrono Boost)  
  38  3:41  Dark Shrine  
  39  3:45  Probe (Chrono Boost)  
  39  3:48  Gateway x2, Probe (Chrono Boost)  
  40  3:53  Gateway  
  40  3:54  Gateway  
  41  3:58  Probe (Chrono Boost)  
  41  3:59  Pylon  
  42  4:04  Warp Prism  
  42  4:05  Probe (Chrono Boost)  
  46  4:11  Probe (Chrono Boost)  
  46  4:12  Assimilator  
  46  4:15  Assimilator  
  46  4:17  Probe (Chrono Boost)  
  46  4:23  Probe (Chrono Boost)  
  48  4:28  Probe (Chrono Boost)  
  49  4:35  Probe (Chrono Boost)  
  51  4:38  Probe (Chrono Boost)  
  51  4:39  Pylon  
  51  4:43  Pylon  
  52  4:47  Probe (Chrono Boost)  
  52  4:49  Nexus  
  52  4:51  Probe (Chrono Boost)  
  53  4:59  Probe (Chrono Boost)  
  54  5:06  Dark Templar  
  56  5:09  Dark Templar  
  56  5:10  Dark Templar x2  
  56  5:13  Warp Prism  
  62  5:17  Probe (Chrono Boost)  
  65  5:30  Probe x2 (Chrono Boost)  
  67  5:37  Pylon x2  
  67  5:38  Pylon  
  67  5:40  Pylon, Archon x2  
  67  5:46  Dark Templar, Probe (Chrono Boost)  
  70  6:02  Dark Templar x3  
  76  6:06  Observer, Probe (Chrono Boost)  
  76  6:08  Probe (Chrono Boost)  
  76  6:09  Archon x2  
  79  6:22  Immortal  
  79  6:26  Probe (Chrono Boost)  
  79  6:27  Probe (Chrono Boost)  
  85  6:34  Blink  
  85  6:36  Gateway x2  
  85  6:39  Gateway  
  85  6:44  Sentry x3  
  85  6:46  Probe x2 (Chrono Boost)  
  94  6:48  Probe (Chrono Boost), Assimilator  
  94  6:52  Assimilator  
  94  6:57  Probe x2 (Chrono Boost)  
  94  7:00  Pylon, Probe (Chrono Boost)  
  89  7:05  Sentry  
  89  7:07  Probe (Chrono Boost)  
  92  7:15  Stalker x2  
  92  7:16  Stalker  
  92  7:19  Probe x2 (Chrono Boost)  
  92  7:20  Probe (Chrono Boost)  
  97  7:30  Sentry  
  99  7:37  Gateway  
  99  7:38  Gateway  
  99  7:39  Gateway  
  99  7:40  Gateway  
  99  7:48  Pylon  
  99  7:50  Pylon  
  99  7:51  Immortal  
  93  7:53  Zealot x2, Sentry  
  93  7:54  Sentry  
  93  7:55  Stalker  
  99  8:00  Probe (Chrono Boost)  
  100  8:10  Sentry  
  100  8:11  Sentry  
  100  8:12  Probe (Chrono Boost)  
  106  8:14  Probe (Chrono Boost)  
  102  8:20  Nexus  
  102  8:25  Immortal  
  101  8:27  Robotics Facility  
  104  8:40  Cybernetics Core  
  102  8:46  Pylon  
  102  8:47  Pylon  
  102  8:49  Pylon  
  102  8:52  Pylon  
  100  8:59  Immortal  
  96  9:07  Sentry  
  96  9:08  Stalker x4, Sentry  
  104  9:16  Immortal  
  98  9:24  Stalker x3  
  96  9:42  Stalker x3  
  99  9:56  Stalker x4  
  107  10:15  Zealot  
  107  10:17  Stalker x4  
  117  10:26  Zealot x2  
  121  10:30  Dark Templar  
  122  10:54  Stalker x2  
  118  11:06  Stalker x3  
  118  11:07  Stalker x2  
  122  11:14  Stalker x2  
Show
View Real Time Build Order
Export as new Build Order

Winckel Zerg 

Build Orders: Hatch First 

Get SALT Encoding   

  12  0:01  Drone  
  13  0:12  Overlord  
  13  0:17  Drone  
  14  0:30  Drone x2  
  14  0:34  Drone  
  17  0:52  Hatchery  
  17  0:55  Drone  
  17  0:57  Drone  
  18  1:09  Extractor  
  17  1:13  Spawning Pool  
  17  1:15  Drone  
  17  1:19  Drone  
  18  1:28  Drone  
  19  1:38  Overlord  
  19  2:00  Queen, Zergling x2  
  23  2:01  Zergling x2  
  23  2:04  Queen, Drone  
  26  2:09  Metabolic Boost  
  26  2:11  Drone  
  26  2:15  Drone  
  28  2:22  Drone  
  29  2:27  Drone  
  30  2:39  Drone x2  
  32  2:45  Overlord  
  32  2:49  Hatchery  
  32  2:50  Drone  
  32  2:54  Drone  
  32  2:57  Queen  
  35  3:01  Overlord  
  35  3:04  Drone  
  36  3:07  Drone  
  36  3:08  Drone  
  36  3:09  Drone  
  36  3:12  Drone  
  40  3:17  Drone  
  40  3:20  Queen  
  40  3:24  Extractor  
  40  3:25  Overlord  
  41  3:28  Drone  
  41  3:32  Drone  
  42  3:35  Drone  
  42  3:36  Drone x2  
  45  3:45  Roach Warren  
  44  3:48  Lair  
  44  3:55  Drone x2  
  46  3:59  Drone x4  
  46  4:02  Drone  
  51  4:08  Drone  
  51  4:09  Drone x2  
  54  4:10  Overlord  
  54  4:17  Spore Crawler, Drone  
  54  4:18  Drone  
  54  4:20  Spore Crawler  
  54  4:21  Drone  
  54  4:23  Spore Crawler  
  54  4:26  Roach  
  54  4:27  Roach  
  54  4:29  Roach  
  60  4:34  Roach  
  60  4:36  Roach  
  60  4:37  Roach  
  66  4:38  Roach  
  66  4:41  Overlord  
  66  4:42  Overlord  
  66  4:44  Overlord  
  68  4:50  Queen  
  68  4:51  Drone  
  68  4:52  Drone  
  72  4:54  Drone x2  
  74  5:02  Overseer  
  74  5:05  Overlord x2  
  74  5:06  Drone x3  
  77  5:07  Roach  
  77  5:09  Roach  
  77  5:11  Drone  
  77  5:13  Overlord  
  82  5:20  Roach x4  
  90  5:22  Overlord  
  88  5:30  Queen  
  90  5:36  Extractor, Drone  
  90  5:37  Drone x2  
  90  5:38  Drone  
  90  5:40  Drone  
  90  5:41  Glial Reconstitution, Evolution Chamber  
  93  5:43  Drone  
  93  5:44  Overlord x2  
  94  5:50  Roach x3  
  94  5:57  Overlord  
  100  6:01  Roach x2  
  100  6:02  Roach x3  
  100  6:03  Roach  
  112  6:07  Zerg Melee Weapons Level 1  
  112  6:11  Roach  
  112  6:17  Roach x2  
  118  6:21  Roach  
  118  6:22  Overlord  
  118  6:24  Roach  
  118  6:25  Roach  
  124  6:28  Hatchery  
  123  6:32  Overlord  
  123  6:33  Overlord  
  123  6:42  Roach x3  
  123  6:44  Overlord x3  
  129  6:51  Roach  
  127  7:02  Roach  
  127  7:03  Roach x7  
  139  7:14  Roach x3  
  139  7:15  Roach  
  139  7:18  Roach  
  139  7:21  Roach  
  139  7:23  Overlord x2  
  139  7:24  Queen  
  139  7:27  Roach x2  
  139  7:30  Drone  
  139  7:34  Overlord x2, Overseer  
  139  7:35  Overlord x2  
  139  7:36  Roach  
  142  7:38  Roach  
  142  7:43  Roach  
  127  7:45  Roach  
  118  7:55  Hatchery  
  118  7:56  Roach  
  118  7:57  Roach x3, Zergling x2  
  118  7:58  Zergling x2  
  127  8:01  Roach  
  127  8:02  Zergling x2  
  127  8:04  Zergling x6  
  131  8:06  Zergling x6  
  131  8:10  Zergling x4  
  131  8:11  Overseer  
  131  8:12  Zergling x2  
  135  8:20  Ravager  
  135  8:21  Zergling x2  
  135  8:23  Zergling x4  
  139  8:27  Ravager  
  139  8:33  Zergling x2  
  139  8:34  Zergling x2  
  142  8:35  Zergling x6  
  142  8:37  Ravager  
  142  8:39  Zergling x2  
  142  8:40  Zergling x2  
  146  8:43  Ravager  
  146  8:44  Zergling x2  
  147  8:53  Zergling x4  
  138  9:00  Zergling x2  
  125  9:05  Roach x2  
  125  9:08  Roach  
  113  9:15  Roach  
  95  9:17  Roach x5  
  85  9:28  Extractor  
  85  9:29  Extractor, Drone x7  
  90  9:34  Baneling Nest  
  89  9:42  Drone x3  
  89  9:43  Drone x3  
  95  9:51  Roach x2  
  95  9:52  Drone  
  100  9:53  Drone  
  100  9:55  Queen, Roach  
  100  9:59  Roach x2  
  105  10:02  Roach x4  
  105  10:05  Zergling x4  
  105  10:06  Zergling x2  
  114  10:10  Extractor, Zergling x2  
  118  10:14  Roach x2, Zergling x2  
  118  10:15  Zergling x2  
  118  10:18  Roach  
  118  10:19  Roach x2  
  126  10:27  Baneling x2  
  125  10:32  Baneling x6  
  125  10:33  Zergling x4  
  126  10:36  Zergling x4  
  126  10:40  Zergling x6  
  110  10:47  Roach x2  
  97  10:52  Roach x2  
  97  10:53  Zergling x6  
  97  10:55  Roach x2  
  97  10:56  Roach  
  100  11:02  Roach  
Tags
 
Add a new tag
Caveats
  • Supply blocks, unpowered buildings, or Contaminate may cause inaccurate times.
  • Supply counts are checked every 10 seconds.